 Dungeon Crawl Stone Soup version 0.27.1-2-g3b301248ec (webtiles) character file.

Game seed: 4729202061787028008

816 Mesmaeker13 the Skirmisher (level 7, 0/114 HPs)
             Began as an Ogre Hunter on Sept 23, 2021.
             Succumbed to a scorpion's poison
             ... on level 5 of the Dungeon.
             The game lasted 00:10:22 (6765 turns).

Mesmaeker13 the Skirmisher (Ogre Hunter)            Turns: 6765, Time: 00:10:23

Health: 0/114      AC:  3    Str: 24    XL:     7   Next: 94%
Magic:  7/7        EV: 10    Int: 13    God:
Gold:   159        SH:  0    Dex:  9    Spells: 6/6 levels left

rFire    . . .     SeeInvis .   a - +0 giant club (venom)
rCold    . . .     Faith    .   (shield currently unavailable)
rNeg     . . .     Spirit   .   b - +0 robe
rPois    .         Reflect  .   (helmet restricted)
rElec    .         Harm     .   u - +0 cloak
rCorr    .         Rampage  .   (gloves unavailable)
Will     +....     Clarity  +   (boots unavailable)
Stlth    ..........             (no amulet)
HPRegen  0.29/turn              i - +6 ring of strength
MPRegen  0.10/turn              p - ring of willpower

@: mighty, berserking, lethally poisoned (0 -> -12), very quick
A: large, unfitting armour, tough skin 1, clarity, deformed body
a: no special abilities


You were on level 5 of the Dungeon.
You visited 1 branch of the dungeon, and saw 5 of its levels.

You collected 159 gold pieces.

Inventory:

Hand Weapons
 a - a +0 giant club of venom (weapon)
Missiles
 c - 9 large rocks (quivered)
 j - 3 throwing nets
 k - 72 stones
 l - a curare-tipped dart
 q - 7 poisoned darts
Armour
 b - a +0 robe (worn)
 u - a +0 cloak (worn)
Jewellery
 i - a +6 ring of strength (left hand)
 p - a ring of willpower (right hand)
 s - a ring of positive energy
Wands
 m - a wand of iceblast (7)
 t - a wand of flame (18)
Scrolls
 d - a scroll of fog
 f - a scroll of immolation {unknown}
 g - 3 scrolls of brand weapon
 h - 2 scrolls of teleportation
 n - a scroll of noise {unknown}
 o - 3 scrolls of identify {unknown}


   Skills:
 + Level 6.6 Fighting
 + Level 2.3 Maces & Flails
 + Level 6.1 Throwing
 + Level 4.5 Dodging
 - Level 0.6 Stealth


You had 6 spell levels left.
You didn't know any spells.
Your spell library contained the following spells:

 Spells                   Type           Power      Damage    Failure   Level
 Magic Dart               Conj           0%         1d3       30%         1
 Call Imp                 Summ           0%         N/A       43%         2
 Corpse Rot               Necr/Air       N/A        N/A       43%         2
 Poisonous Vapours        Pois/Air       0%         N/A       43%         2
 Frozen Ramparts          Ice            0%         1d2       67%         3
 Mephitic Cloud           Conj/Pois/Air  0%         N/A       67%         3
 Ice Form                 Ice/Tmut       0%         N/A       97%         4
 Summon Ice Beast         Ice/Summ       0%         N/A       97%         4
 Freezing Cloud           Conj/Ice/Air   0%         6-21      100%        5


Dungeon Overview and Level Annotations

Branches:
Dungeon (5/15)
 Temple: D:4-7

Altars:
Cheibriados
Gozag
Ru
Vehumet
Xom
Zin

Annotations:
D:3 2 runed translucent doors, Millie's ghost, amateur MiFi


Innate Abilities, Weirdness & Mutations

You are too large for most types of armour.
You have tough skin. (AC +1)
You possess an exceptional clarity of mind.
Armour fits poorly on your strangely shaped body.


Message History

You feel very sick. The scorpion stings you. x2
You are more poisoned.
The scorpion poisons you!
You closely miss the scorpion.
You feel extremely sick.
The scorpion stings you but does no damage.
You hit the scorpion.
The scorpion is lightly wounded.
You feel very sick. The scorpion stings you.
The scorpion stings you but does no damage.
You barely miss the scorpion.
You feel very sick.
The scorpion stings you but does no damage.
The scorpion stings you!
* * * LOW HITPOINT WARNING * * *
You closely miss the scorpion.
You feel very sick. The scorpion misses you. The scorpion stings you!
* * * LOW HITPOINT WARNING * * *
Unknown command.
You closely miss the scorpion.
* * * LOW HITPOINT WARNING * * *
You feel sick. The scorpion closely misses you.
Unknown command.
It was a potion of berserk rage.
A red film seems to cover your vision as you go berserk!
You feel yourself moving faster!
You feel mighty!
You feel sick. The scorpion barely misses you. x2
You barely miss the scorpion.
You feel sick. The scorpion barely misses you.
You thump the scorpion!
The scorpion is poisoned.
The scorpion is heavily wounded.
You feel sick. The scorpion stings you.
* * * LOW HITPOINT WARNING * * *
You are lethally poisoned!
The scorpion poisons you!
You bludgeon the scorpion!!
You kill the scorpion!
You die...

### #.# #.. #.# #.# #.# #.#
.# #.# #.# #####.### #
#######.###.####......... #..
.....##.#.@†S.......#
###.#####..##.#.##.###.##.# #
...)..........#.##.<.#.#.#...
###.#####..####.###..........
#.# #..####.###....##.##
###.#####..............#
..........#####.###..#.#
#.....##### #.###..#.##.#
#...<.# #...........#


You could see an adder.

Vanquished Creatures
  Eustachio (D:4)
  A black bear (D:5)
  An ogre (D:3)
  A kobold brigand (D:4)
  A scorpion (D:5)
  A bullfrog (D:4)
  An orc priest (D:3)
  A hound (D:3)
  An iguana (D:4)
  An orc wizard (D:3)
  A killer bee zombie (D:3)
  2 hound skeletons (D:4)
  7 gnolls (D:3)
  4 adders
  An adder skeleton (D:4)
  2 worms
  5 dart slugs
  12 orcs
  3 bats (D:2)
  10 endoplasms
  A giant cockroach (D:2)
  7 goblins
  8 hobgoblins
  11 jackals
  3 quokkas
  4 ball pythons
  3 frilled lizards
  7 kobolds
  3 rats
104 creatures vanquished.

Notes
Turn   | Place    | Note
-------+----------+-------------------------------------------
     0 | D:1      | Mesmaeker13 the Ogre Hunter began the quest for the Orb.
     0 | D:1      | Reached XP level 1. HP: 22/22 MP: 1/1
   249 | D:1      | Found a faded altar of an unknown god.
   287 | D:1      | Reached XP level 2. HP: 24/31 MP: 2/2
  1015 | D:1      | Reached XP level 3. HP: 34/37 MP: 3/3
  1811 | D:2      | Reached XP level 4. HP: 32/48 MP: 4/4
  3009 | D:3      | Noticed an ogre
  3012 | D:3      | Killed an ogre
  3013 | D:3      | Reached skill level 5 in Throwing
  3013 | D:3      | Reached XP level 5. HP: 55/55 MP: 5/5
  3289 | D:3      | Reached skill level 5 in Fighting
  3305 | D:3      | Reached XP level 6. HP: 34/66 MP: 6/6
  4015 | D:3      | Found a large runed translucent door.
  4015 | D:3      | Found a large runed translucent door.
  4077 | D:3      | Gained mutation: You possess an exceptional clarity of
                  | mind. [potion of mutation]
  4077 | D:3      | Gained mutation: Armour fits poorly on your strangely
                  | shaped body. [potion of mutation]
  5044 | D:3      | Noticed Millie's ghost (amateur MiFi)
  5194 | D:4      | Found a sacrificial altar of Ru.
  5233 | D:4      | Reached skill level 1 in Maces & Flails
  5233 | D:4      | Reached XP level 7. HP: 45/74 MP: 7/7
  5425 | D:4      | Found a shimmering altar of Xom.
  5643 | D:4      | Noticed Eustachio
  5678 | D:4      | Killed Eustachio
  6601 | D:4      | Found a glowing silver altar of Zin.
  6602 | D:4      | Found an opulent altar of Gozag.
  6603 | D:4      | Found a snail-covered altar of Cheibriados.
  6603 | D:4      | Found a radiant altar of Vehumet.
  6666 | D:5      | Entered Level 5 of the Dungeon
  6763 | D:5      | HP: 5/114 [poisoned by a scorpion]
  6764 | D:5      | HP: 2/114 [scorpion (2)]
  6765 | D:5      | Succumbed to a scorpion's poison

Illustrated notes

Levels and vault maps discovered:
D:1:      ebering_hopf_link, layout_loops_ring,
          shapermc_ecumenical_altar_starsandcircs, serial_rivers,
          chequers_serial_rivers_micro_c, chequers_serial_rivers_small_3,
          chequers_serial_rivers_marsh, chequers_serial_rivers_room_a,
          chequers_serial_rivers_micro_c
D:2:      layout_basic, chequers_serial_rivers_small_3
D:3:      layout_loops_cross, ebering_ghost_disaster_area
D:4:      layout_basic, nicolae_ru_awakened_eye, xom_butterflies,
          mainiacjoe_overflow_alcove_3, uniq_eustachio
D:5:      kennysheep_kobold_camp, layout_loops_ring

Skill      XL: |  1  2  3  4  5  6  7 |
---------------+----------------------+-----
Fighting       | 3 4 5 6 |  6.6
Dodging        | 2 3 4 |  4.5
Throwing       | 5 6 |  6.1
Maces & Flails | 1 2 |  2.3
Stealth        | |  0.6

Action                   |  1- 3 |  4- 6 |  7- 9 || total
-------------------------+-------+-------+-------++-------
Melee: Short sword       |   139 |   106 |       ||   245
       Giant club        |       |    64 |    77 ||   141
       Hand axe          |       |    13 |       ||    13
Throw: Large rock        |     5 |    22 |     2 ||    29
       Throwing net      |     1 |     2 |       ||     3
       Stone             |       |    27 |       ||    27
       Dart              |       |       |    13 ||    13
  Use: Scroll            |       |     3 |     1 ||     4
       Potion            |       |     3 |     2 ||     5
 Stab: Sleeping          |     1 |     1 |     1 ||     3
Armor: Robe              |    50 |    45 |    17 ||   112
Dodge: Dodged            |    73 |    99 |    45 ||   217
